 Dungeon Crawl Stone Soup version 0.17-a0-1435-geafbe2f (webtiles) character file.

135 Malachi the Grave Robber (level 5, -2/39 HPs)
             Began as a Ghoul Necromancer on June 26, 2015.
             Killed by divine providence
             ... invoked by an orc priest
              (14 damage)
             ... on level 3 of the Dungeon.
             The game lasted 00:06:38 (2870 turns).

Malachi the Grave Robber (Ghoul Necromancer)        Turns: 2870, Time: 00:06:38

Health: -2/39      AC:  3    Str: 12    XL:     5   Next: 18%
Magic:  7/7        EV: 12    Int: 11    God:
Gold:   94         SH:  0    Dex:  9    Spells: 1 memorised, 7 levels left

rFire  . . .     SeeInvis .     i - +0 hand axe (venom)
rCold  + . .     Clarity  .     a - +0 robe
rNeg   + + +     SustAt   .     (no shield)
rPois  ∞         Gourm    .     (no helmet)
rElec  .         Spirit   .     (no cloak)
rCorr  .         Warding  .     (no gloves)
rMut   .         Stasis   .     n - +0 pair of boots
MR     .....                    (no amulet)
Stlth  ++........               (no ring)
                                (no ring)

@: rotting, not resistant to hostile enchantments, unstealthy
A: rotting body, claws 1, carnivore 3, cold resistance 1, negative energy
resistance 3, slow healing 1, torment resistance, unbreathing
a: no special abilities


You were on level 3 of the Dungeon.
You were not hungry.

You visited 1 branch of the dungeon, and saw 3 of its levels.

You collected 94 gold pieces.

Inventory:

Hand weapons
 e - a +1 vampiric whip
 i - a +0 hand axe of venom (weapon)
 t - a +1 dagger of electrocution
Armour
 a - a +0 robe (worn)
 n - a +0 pair of boots (worn)
Scrolls
 d - a scroll of identify
 g - 2 scrolls of blinking {unknown}
 j - a scroll of amnesia {unknown}
 l - a scroll of enchant weapon {unknown}
 m - a scroll of teleportation {unknown}
 p - 2 scrolls of random uselessness {unknown}
 q - a scroll of recharging {unknown}
 r - a scroll of remove curse
Potions
 f - a potion of magic {unknown}
 h - a potion of curing
 k - a potion of resistance
 o - a potion of heal wounds {unknown}
 s - a potion of brilliance {unknown}
 u - a potion of beneficial mutation {unknown}
Books
 b - a book of Necromancy

   Spells                             Type                      Level
   a - Pain                           Necromancy                   1
   b - Animate Skeleton               Necromancy                   1
   c - Vampiric Draining              Necromancy                   3
   d - Regeneration                   Charms/Necromancy            3
   e - Animate Dead                   Necromancy                   4
   f - Control Undead                 Necromancy                   4
Comestibles
 c - a meat ration


   Skills:
 + Level 0.9 Fighting
 + Level 0.8 Axes
 + Level 3.0 Dodging
 + Level 3.2 Stealth
 + Level 2.2 Spellcasting
 + Level 4.6 Necromancy


You had 7 spell levels left.
You knew the following spells:

 Your Spells              Type           Power        Failure   Level  Hunger
a - Pain                  Necr           ##..         4%          1    ##.....


Dungeon Overview and Level Annotations

Branches:
Dungeon (3/15)

Altars:
Dithmenos
Makhleb
Ru
Zin

Annotations:
D:1 1 exclusion


Innate Abilities, Weirdness & Mutations

Your body is rotting away.
You thrive on raw meat.
You are immune to poison.
You have sharp fingernails.
You are carnivorous and can eat meat at any time.
Your flesh is cold resistant.
You are immune to negative energy.
You heal slowly when monsters are visible.
You are immune to unholy pain and torment.
You can survive without breathing.


Message History

You are unaffected.
You hit the orc.
You kill the orc!
You hit the orc.
The orc is moderately wounded.
You closely miss the orc priest.
The orc priest is lightly wounded.
The orc hits you with a whip!
The orc priest mumbles some strange prayers to Beogh against you.
You are unaffected.
The orc priest calls upon Beogh to heal the orc.
The orc's wounds heal themselves!
You see here 13 stones.
The orc priest invokes the aid of Beogh against you.
Something smites you!
* * * LOW HITPOINT WARNING * * *
The orc priest becomes somewhat translucent.
The orc priest invokes the aid of Beogh against you.
Something smites you!
You die...

........#.#.##.#.#
#######.#.#....#o#
#.#.#.##.#.#
#.#.....<#.#
#.#......#.#
#.#.#.####o#
#######.#.#.# #.#
.^......#.#.# #o#
####.####.#.# #@#
#.# #.#.# #.# #.#
#. .# #.# ## #.#
..# .# ... ### .#
#.# #.# #.#


You could see 2 orc priests and an orc.

Vanquished Creatures
  Robin (D:2)
  5 adders
  A worm (D:2)
  2 orcs (D:3)
  3 giant cockroaches
  11 goblins
  5 hobgoblins
  8 jackals (D:2)
  13 kobolds
  A quokka (D:2)
  8 bats
  8 giant newts
  5 rats
71 creatures vanquished.

Vanquished Creatures (others)
  4 toadstools (D:1)
4 creatures vanquished.

Grand Total: 75 creatures vanquished

Notes
Turn   | Place    | Note
--------------------------------------------------------------
     0 | D:1      | Malachi the Ghoul Necromancer began the quest for the Orb.
     0 | D:1      | Reached XP level 1. HP: 14/14 MP: 2/2
   772 | D:1      | Reached XP level 2. HP: 17/20 MP: 3/3
  1450 | D:2      | Reached XP level 3. HP: 22/26 MP: 4/4
  1677 | D:2      | Found a sacrificial altar of Ru.
  1682 | D:2      | Found a shadowy altar of Dithmenos.
  1911 | D:2      | Reached XP level 4. HP: 28/34 MP: 6/6
  2093 | D:2      | Found a burning altar of Makhleb.
  2095 | D:2      | Found a glowing silver altar of Zin.
  2095 | D:2      | Noticed an angel
  2096 | D:2      | Noticed a green death
  2154 | D:2      | Noticed Robin
  2174 | D:2      | Killed Robin
  2636 | D:3      | Reached XP level 5. HP: 34/38 MP: 7/7
  2870 | D:3      | Killed from afar by an orc priest

Vault maps used:
D:1:      ldierk_walled_garden_2, lexackson_kobold_supper
D:2:      grunt_temple_overflow_order_and_chaos_2, grunt_temple_overflow_open,
          first_bread, uniq_robin
D:3:      nicolae_overflow_hidden_temple

Action                   |  1- 3 |  4- 6 || total
-------------------------+-------+-------++-------
Melee: Whip              |    87 |       ||    87
       Unarmed           |    20 |       ||    20
       Hand axe          |    45 |   112 ||   157
 Cast: Pain              |    18 |       ||    18
  Use: Scroll            |     2 |       ||     2
       Potion            |     1 |       ||     1
 Stab: Sleeping          |     2 |     4 ||     6
  Eat: Chunk             |    24 |    14 ||    38
